 Dungeon Crawl Stone Soup version 0.25-a0-786-g5b70d41e48 (webtiles) character file.

Game seed: 8132457679196219816, levelgen mode: deterministic

72 Asagix the Covered (level 4, -1/48 HPs)
             Began as a Human Wanderer on Apr 18, 2020.
             Was an Initiate of Trog.
             Slain by Edmund
             ... wielding a +0 flail of protection
              (4 damage)
             ... on level 4 of the Dungeon.
             The game lasted 00:09:02 (1869 turns).

Asagix the Covered (Human Wanderer)                 Turns: 1869, Time: 00:09:02

Health: -1/48      AC: 22    Str: 12 (14) XL:     4   Next: 50%
Magic:  4/4        EV:  2    Int:  9 (10) God:    Trog [......]
Gold:   122        SH:  0    Dex: 13 (14) Spells: 3/3 levels left

rFire    . . .     SeeInvis .   n - +2 dagger (freeze)
rCold    . . .     Gourm    .   (no shield)
rNeg     + + +     Faith    .   (armour currently unavailable)
rPois    +         Spirit   .   (helmet currently unavailable)
rElec    .         Reflect  .   (cloak currently unavailable)
rCorr    .         Harm     .   (gloves currently unavailable)
MR       .....     NoTele   +   (boots currently unavailable)
Stlth    +.........             (no amulet)
HPRegen  0.16/turn              (no ring)
MPRegen  0.09/turn              (no ring)

@: tree-form
A: no striking features
a: Renounce Religion


You were on level 4 of the Dungeon.
You worshipped Trog.
Trog was noncommittal.
You were not hungry.
You were a tree.
You visited 1 branch of the dungeon, and saw 4 of its levels.

You collected 122 gold pieces.

Inventory:

Hand Weapons
 a - a +2 hand axe
 b - a +0 hand crossbow
 j - a +0 quarterstaff
 k - a +2 dagger of venom
 n - a +2 dagger of freezing (weapon)
 u - a +0 whip
Missiles
 c - 22 bolts
Armour
 e - a +0 robe
 g - a +0 chain mail
 l - a +1 ring mail
 p - a +0 scale mail (melded)
Jewellery
 q - an uncursed ring of positive energy {unknown}
Wands
 o - a wand of enslavement (10)
Scrolls
 i - a scroll of identify {unknown}
 t - a scroll of teleportation
Potions
 h - 2 potions of degeneration
Comestibles
 f - 3 rations


   Skills:
 + Level 1.2 Fighting
 * Level 1.4 Short Blades
 - Level 2.4 Axes
 - Level 1.0 Throwing
 + Level 3.4 Armour
 + Level 0.6 Dodging
 + Level 0.2 Stealth
   Level 1.0 Shields
   Level 1.0 Charms
   Level 2.0 Ice Magic


You had 3 spell levels left.
You didn't know any spells.
Your spell library was empty.

Dungeon Overview and Level Annotations

Branches:
Dungeon (4/15)
 Temple: D:4-7

Altars:
Trog

Annotations:
D:4 Edmund


Message History

Your roots penetrate the ground.
Edmund hits you but does no damage.
You hit Edmund. You freeze Edmund.
Edmund is severely wounded.
Edmund hits you but does no damage.
You hit Edmund but do no damage.
Edmund is severely wounded.
Edmund hits you but does no damage.
You closely miss Edmund.
Edmund is severely wounded.
You hit Edmund but do no damage.
Edmund is severely wounded.
Edmund hits you with a +0 flail of protection.
* * * LOW HITPOINT WARNING * * *
You hit Edmund but do no damage.
Edmund is severely wounded.
Edmund hits you but does no damage.
You barely miss Edmund.
Edmund is severely wounded.
Edmund hits you with a +0 flail of protection.
You die...

#.# #.# #.# #.#
#####.# #.. ..# #
#.###@#.#
.#######....♣..#.#
.................#
##########.#####.#
### #


You could see Edmund.

Vanquished Creatures
  4 adders
  A worm (D:2)
  A dart slug (D:2)
  4 goblins
  5 hobgoblins
  A quokka (D:3)
  A ball python (D:1)
  6 bats
  3 frilled lizards
  5 kobolds
  5 rats
36 creatures vanquished.

Notes
Turn   | Place    | Note
-------+----------+-------------------------------------------
     0 | D:1      | Asagix the Human Wanderer began the quest for the Orb.
     0 | D:1      | Asagix set off with the following items: a +2 hand axe, a
                  | +0 hand crossbow, 22 bolts, a potion of curing, a +0 robe,
                  | a ration
     0 | D:1      | Reached XP level 1. HP: 15/15 MP: 1/1
    83 | D:1      | Reached XP level 2. HP: 15/21 MP: 2/2
   293 | D:1      | You fall into a shaft and drop 1 floor!
   575 | D:2      | Found a bloodstained altar of Trog.
   583 | D:2      | Became a worshipper of Trog the Wrathful
   632 | D:2      | Reached XP level 3. HP: 22/26 MP: 3/3
   727 | D:2      | Reached skill level 1 in Short Blades
   727 | D:2      | Reached skill level 3 in Armour
   894 | D:2      | Reached XP level 4. HP: 24/32 MP: 4/4
  1800 | D:4      | Noticed Edmund
  1867 | D:4      | HP: 2/48 [Edmund/+0 flail of protection (3)]
  1869 | D:4      | Slain by Edmund

Levels and vault maps discovered:
D:1:      dpeg_arrival_pits, layout_rooms, hangedman_decor_diamond_cutter
D:2:      layout_basic, bloody_trog
D:3:      layout_basic, chequers_serial_rivers_small_a, minmay_misc_feat_tiny
D:4:      layout_basic, ebering_ghost_disaster_area, first_ration, uniq_edmund

Skill      XL: |  1  2  3 |
---------------+----------+-----
Short Blades   | 1 |  1.4
Armour         | 3 |  3.4
Fighting       | |  1.2
Axes           | |  2.4
Throwing       | |  1.0
Dodging        | |  0.6
Stealth        | |  0.2
Shields        | |  1.0
Charms         | |  1.0
Ice Magic      | |  2.0

Action                   |  1- 3 |  4- 6 || total
-------------------------+-------+-------++-------
Melee: Hand axe          |    31 |       ||    31
       Dagger            |    78 |    93 ||   171
Evoke: Wand              |       |     1 ||     1
  Use: Scroll            |     2 |     5 ||     7
       Potion            |     3 |     7 ||    10
  Eat: Ration            |       |     1 ||     1
Armor: Chain mail        |    52 |       ||    52
       Ring mail         |    24 |     7 ||    31
       Skin              |       |    15 ||    15
       Scale mail        |       |     5 ||     5
Dodge: Dodged            |    55 |    18 ||    73

Table legend:
 A = Non-vault XP
 B = Vault XP
 C = Vault XP percentage of total XP
 D = Non-vault monster count
 E = Vault monster count
 F = Vault count percentage of total count
                 A         B        C        D         E       F
            +---------+---------+-------+---------+---------+-------
      Total |     104 |       0 |   0.0 |      36 |       0 |   0.0
            +---------+---------+-------+---------+---------+-------
        D:1 |      21 |       0 |   0.0 |      16 |       0 |   0.0
        D:2 |      62 |       0 |   0.0 |      14 |       0 |   0.0
        D:3 |      21 |       0 |   0.0 |       6 |       0 |   0.0
            +---------+---------+-------+---------+---------+-------
